 Dungeon Crawl Stone Soup version 0.22-a0-785-g6253c82ace (webtiles) character file.

74 Holzbalken the Cudgeler (level 4, 0/28 HPs)
             Began as a Gargoyle Monk on July 20, 2018.
             Slain by Crazy Yiuf
             ... wielding a +4 quarterstaff of chaos
              (6 damage)
             ... on level 2 of the Dungeon.
             The game lasted 00:07:14 (1356 turns).

Holzbalken the Cudgeler (Gargoyle Monk)             Turns: 1356, Time: 00:07:14

Health: 0/28       AC:  8    Str: 15    XL:     4   Next: 30%
Magic:  4/4        EV: 11    Int: 11    God:
Gold:   52         SH:  0    Dex: 12    Spells: 3/3 levels left

rFire    . . .     SeeInvis .   a - +0 mace
rCold    . . .     Gourm    .   (no shield)
rNeg     + . .     Faith    .   h - +0 ring mail
rPois    ∞         Spirit   .   (no helmet)
rElec    +         Reflect  .   (no cloak)
rCorr    .         Harm     .   (no gloves)
MR       .....                  (no boots)
Stlth    +.........             l - amulet of the acrobat
HPRegen  0.09/turn              (no ring)
MPRegen  0.09/turn              (no ring)

@: no status effects
A: negative energy resistance 1, electricity resistance, unbreathing,
petrification resistance, rot immunity, AC +3
a: no special abilities


You were on level 2 of the Dungeon.
You were not hungry.

You visited 1 branch of the dungeon, and saw 2 of its levels.

You collected 52 gold pieces.

Inventory:

Hand Weapons
 a - a +0 mace (weapon)
Missiles
 f - 8 tomahawks (quivered)
Armour
 b - a +0 robe
 e - a +0 leather armour
 h - a +0 ring mail (worn)
Jewellery
 l - an amulet of the acrobat (around neck)
Scrolls
 g - 2 scrolls of identify {unknown}
 n - a scroll of amnesia {unknown}
Potions
 i - a potion of magic {unknown}
 j - a potion of might {unknown}
 k - a potion of degeneration {unknown}
 m - a potion of curing {unknown}
Comestibles
 c - 5 rations
 d - 7 chunks of flesh


   Skills:
 - Level 3.2 Fighting
 + Level 5.0 Maces & Flails
 - Level 2.4 Dodging
 - Level 2.1 Stealth


You had 3 spell levels left.
You didn't know any spells.
Your spell library was empty.

Dungeon Overview and Level Annotations

Branches:
Dungeon (2/15)

Altars:
Okawaru
Ru
Vehumet
Zin

Annotations:
D:2 Crazy Yiuf


Innate Abilities, Weirdness & Mutations

You are resistant to torment.
Your stone body is resilient. (AC +3)
You are immune to poison.
You resist negative energy. (rN+)
You are resistant to electric shocks. (rElec)
You can survive without breathing.
You are immune to petrification.
You are immune to rotting.


Message History

Crazy Yiuf hits you with a quarterstaff of chaos.
You sock Crazy Yiuf!
Crazy Yiuf is heavily wounded.
Crazy Yiuf hits you with a quarterstaff of chaos!
You barely miss Crazy Yiuf.
Crazy Yiuf is heavily wounded.
Crazy Yiuf yells, "Whiteboard!"
Crazy Yiuf barely misses you.
You hit Crazy Yiuf but do no damage.
Crazy Yiuf is heavily wounded.
Crazy Yiuf hits you with a quarterstaff of chaos.
* * * LOW HITPOINT WARNING * * *
You hit Crazy Yiuf.
Crazy Yiuf is almost dead.
Crazy Yiuf hits you with a quarterstaff of chaos.
* * * LOW HITPOINT WARNING * * *
You barely miss Crazy Yiuf.
Crazy Yiuf is almost dead.
Crazy Yiuf hits you with a quarterstaff of chaos.
You die...

.....# .......#
....<.# ......#
......# #.....####
#### ##..##....##
###..)#
....#....PP####.@g..#
##.##.......#..##...#
#<##....P.#.### ####
##.....#######
.......#
#####################
#..#.....<...#
#....######### #.####


You could see Crazy Yiuf.

Vanquished Creatures
  An adder (D:2)
  3 oozes
  A worm (D:2)
  A dart slug (D:1)
  3 leopard geckos
  2 giant cockroaches (D:2)
  10 goblins
  5 hobgoblins (D:1)
  2 jackals (D:1)
  A ball python (D:1)
  3 bats
  2 frilled lizards (D:2)
  4 kobolds
  4 rats (D:1)
42 creatures vanquished.

Notes
Turn   | Place    | Note
-------+----------+-------------------------------------------
     0 | D:1      | Holzbalken the Gargoyle Monk began the quest for the Orb.
     0 | D:1      | Reached XP level 1. HP: 14/14 MP: 1/1
    79 | D:1      | Reached XP level 2. HP: 19/19 MP: 2/2
   289 | D:1      | Reached skill level 4 in Maces & Flails
   289 | D:1      | Reached XP level 3. HP: 19/23 MP: 3/3
  1165 | D:2      | Reached XP level 4. HP: 23/28 MP: 4/4
  1214 | D:2      | Found a sacrificial altar of Ru.
  1219 | D:2      | Found an iron altar of Okawaru.
  1224 | D:2      | Found a glowing silver altar of Zin.
  1234 | D:2      | Found a radiant altar of Vehumet.
  1333 | D:2      | Reached skill level 5 in Maces & Flails
  1343 | D:2      | Found a runed door.
  1347 | D:2      | Noticed Crazy Yiuf
  1356 | D:2      | Slain by Crazy Yiuf

Vault maps used:
D:1:      ncdulo_smallfort
D:2:      minitemple, nicolae_overflow_hidden_temple, uniq_crazy_yiuf_cottage

Skill      XL: |  1  2  3  4 |
---------------+-------------+-----
Maces & Flails | 4 5 |  5.0
Fighting       | |  3.2
Dodging        | |  2.4
Stealth        | |  2.1

Action                   |  1- 3 |  4- 6 || total
-------------------------+-------+-------++-------
Melee: Mace              |   114 |    24 ||   138
 Stab: Sleeping          |     4 |       ||     4
  Eat: Chunk             |     1 |     1 ||     2
Armor: Ring mail         |    50 |    12 ||    62
       Leather armour    |    16 |       ||    16
Dodge: Dodged            |    85 |    14 ||    99

Table legend:
 A = Spawn XP
 B = Non-spawn XP
 C = Spawn XP percentage of total XP
 D = Spawn monster count
 E = Non-spawn monster count
 F = Spawn count percentage of total count
 G = Total turns spent on level
                    A         B        C        D         E        F      G
               +---------+---------+-------+---------+---------+-------+---------
         Total |       0 |     107 |   0.0 |       0 |      42 |   0.0 |  1356
               +---------+---------+-------+---------+---------+-------+---------
           D:1 |       0 |      48 |   0.0 |       0 |      24 |   0.0 |   651
           D:2 |       0 |      59 |   0.0 |       0 |      18 |   0.0 |   705
               +---------+---------+-------+---------+---------+-------+---------
